Map: Orbital Shipyard

Players

ReWinD

  • Race: Protoss Protoss
  • League: Grandmaster

Jay - Winner!

  • Race: Zerg Zerg
  • League: Grandmaster

VOD

Have the link to the VOD?

Description

Time

  • Played on: July 1, 2015, 10:52 a.m.
  • Length: 4:57
Show
View Real Time Build Order
Export as new Build Order

ReWinD Protoss 

Build Orders:  

Get SALT Encoding   

  12  0:01  Probe  
  13  0:15  Pylon  
  13  0:18  Probe  
  14  0:33  Probe (Chrono Boost)  
  15  0:38  Gateway  
  15  0:42  Probe (Chrono Boost)  
  16  0:50  Probe  
  17  1:02  Probe (Chrono Boost)  
  18  1:04  Assimilator  
  18  1:09  Assimilator  
  18  1:14  Probe (Chrono Boost)  
  19  1:21  Probe (Chrono Boost)  
  20  1:27  Cybernetics Core  
  20  1:28  Gateway  
  20  1:31  Probe  
  21  1:35  Pylon  
  21  1:43  Probe (Chrono Boost)  
  21  1:47  Pylon  
  23  1:54  Probe (Chrono Boost)  
  23  2:06  Adept, Warp Gate (Chrono Boost)  
  25  2:12  Mothership Core (Chrono Boost)  
  27  2:16  Adept  
  29  2:28  Probe  
  30  2:33  Adept  
  32  2:44  Adept  
  34  2:59  Pylon  
  34  3:06  Adept  
  34  3:08  Nexus  
  36  3:21  Probe  
  36  3:22  Pylon  
  36  3:26  Pylon  
  37  3:43  Pylon  
  37  3:46  Forge  
  37  4:09  Probe (Chrono Boost)  
  38  4:16  Sentry x2  
  42  4:23  Pylon  
  41  4:26  Pylon  
  41  4:29  Gateway  
  41  4:31  Gateway  
  31  4:42  Sentry x2  
Show
View Real Time Build Order
Export as new Build Order

Jay Zerg - Winner!

Build Orders: Hatch First 

Get SALT Encoding   

  12  0:01  Drone  
  13  0:10  Drone  
  14  0:23  Drone, Extractor  
  14  0:24  Drone, Extractor  
  16  0:42  Hatchery  
  16  0:49  Overlord  
  15  1:05  Spawning Pool  
  15  1:10  Drone x2  
  16  1:16  Extractor  
  16  1:17  Drone  
  16  1:23  Drone  
  17  1:44  Drone  
  17  1:45  Drone  
  19  1:54  Queen  
  19  1:55  Queen  
  19  1:56  Zergling x2  
  19  1:58  Zergling x2  
  25  2:08  Drone x2  
  27  2:23  Metabolic Boost  
  27  2:24  Overlord  
  27  2:26  Drone  
  28  2:39  Overlord  
  28  2:43  Drone x3  
  31  2:50  Zergling x2  
  32  2:51  Zergling x2  
  31  2:59  Zergling x2  
  31  3:00  Zergling x2  
  33  3:10  Zergling x6  
  33  3:11  Zergling x10  
  41  3:17  Baneling Nest  
  40  3:21  Overlord  
  40  3:24  Pneumatized Carapace  
  40  3:30  Queen  
  42  3:46  Overlord x2  
  42  3:48  Zergling x4  
  44  4:07  Zergling x6  
  44  4:08  Zergling x8  
  51  4:14  Zergling x6  
  51  4:15  Zergling x2  
  55  4:21  Zergling x2  
  56  4:29  Zergling x4  
Tags
 
Add a new tag
Caveats
  • Supply blocks, unpowered buildings, or Contaminate may cause inaccurate times.
  • Supply counts are checked every 10 seconds.